 Dungeon Crawl Stone Soup version bcrawl-1.12-11-gb93c957c58 (webtiles) character file.

Game seed: 15315793186026820366

157697 MisterOstroum the Warrior (level 16, -10/157 HPs)
             Began as a Minotaur Archaeologist on June 22, 2019.
             Was a High Priest of Wu Jian.
             Mangled by an emperor scorpion (29 damage)
             ... on level 3 of the Spider Nest on June 23, 2019.
             The game lasted 02:02:56 (26777 turns).

MisterOstroum the Warrior (Minotaur Archaeologist) Turns: 26777, Time: 02:02:56

Health: -10/157    AC: 21    Str: 21    XL:     16   Next: 85%
Magic:  0/35       EV: 11    Int: 12    God:    Wu Jian [*****.]
Gold:   1978       SH:  0    Dex: 13    Spells: 14/15 levels left

rFire    . . .     SeeInvis .   a - +3 eveningstar (drain)
rCold    . . .     Gourm    .   m - +1 shield
rNeg     . . .     Faith    .   f - +4 moon troll leather armour {Spirit, Regen++ MP+5}
rPois    .         Spirit   +   M - +2 hat
rElec    .         Reflect  .   T - +2 cloak
rCorr    +         Harm     .   d - +1 pair of gloves
MR       +....                  c - +1 pair of boots
Stlth    +.........             z - amulet of regeneration
HPRegen  1.56/turn              X - ring of the Octopus King {rCorr AC+1 EV+1 Str+1 Int+1 Dex+1}
MPRegen  0.24/turn              n - ring of magical power

@: lethally poisoned (-10 -> -30), held, hasted, glowing, heavenly storm, very
quick
A: retaliatory headbutt, horns 2
}: 1/15 runes: barnacled
a: Wall Jump, Serpent's Lash, Heavenly Storm, Renounce Religion


You were on level 3 of the Spider Nest.
You worshipped Wu Jian.
Wu Jian was extremely pleased with you.
You were not hungry.

You visited 7 branches of the dungeon, and saw 27 of its levels.
You also visited: Sewer and Ossuary.

You collected 3004 gold pieces.
You spent 1026 gold pieces at shops.

Inventory:

Hand Weapons
 a - a +3 eveningstar of draining (weapon)
Missiles
 v - 2091 stones
 B - 877 tomahawks
 H - 175 exploding tomahawks (quivered)
 K - 233 poisoned tomahawks
 N - 403 javelins of penetration
 S - 6 throwing nets {!f!f}
 V - 740 javelins
 W - 362 steel javelins
Armour
 c - a +1 pair of boots (worn)
 d - a +1 pair of gloves (worn)
 f - the +4 moon troll leather armour (worn) {Spirit, Regen++ MP+5}

   It affects your magic capacity (+5).
   It increases your rate of regeneration.
 m - a +1 shield (worn)
 M - a +2 hat (worn)
 T - a +2 cloak (worn)
Jewellery
 h - an uncursed ring of insulation
 k - an uncursed ring of see invisible
 n - a ring of magical power (right hand)
 z - an amulet of regeneration (around neck)
 A - an uncursed ring of flight
 X - a ring of the Octopus King (left hand) {rCorr AC+1 EV+1 Str+1 Int+1 Dex+1}
   (You found it on level 11 of the Dungeon)

   [ring of resist corrosion]

   It affects your AC (+1).
   It affects your evasion (+1).
   It affects your strength (+1).
   It affects your intelligence (+1).
   It affects your dexterity (+1).
Wands
 l - a wand of paralysis (7)
 o - a wand of acid (20)
 p - a wand of enslavement (8)
 q - a wand of iceblast (5)
 F - a wand of polymorph (20)
 G - a wand of digging (9)
 R - a wand of random effects (7)
 U - a wand of disintegration (16)
 Z - a wand of clouds (5)
Scrolls
 y - 2 scrolls of blinking
 E - 15 scrolls of teleportation {@r3 !r}
 I - a scroll of fear {!r}
 P - a scroll of remove curse {@r2}
 Q - a scroll of enchant armour
 Y - a scroll of summoning
Potions
 g - 4 potions of might {@q3 !q}
 i - 3 potions of agility
 j - a potion of heal wounds {@q2 !q}
 r - a potion of ambrosia
 t - 3 potions of resistance
 u - 10 potions of curing {@q1 !q}
 w - 5 potions of cancellation
 C - 3 potions of haste {@q4 !q}
 D - 3 potions of berserk rage
 L - 6 potions of mutation
Miscellaneous
 s - a fan of gales
 x - a lamp of fire
 J - a sack of spiders
 O - a phial of floods
Comestibles
 b - 8 chunks of flesh
 e - 59 rations {!d}


   Skills:
 + Level 18.1 Fighting
 * Level 15.9 Maces & Flails
 - Level 3.1 Throwing
 - Level 10.0 Armour
 + Level 15.5 Dodging
 - Level 2.6 Stealth
 - Level 15.0 Shields
 * Level 8.5 Evocations


You had 14 spell levels left.
You knew the following spells:

 Your Spells              Type           Power        Failure   Level  Hunger
a - Infusion              Chrm           #.......     36%         1    ##.....

Your spell library contained the following spells:

 Spells                   Type           Power        Failure   Level  Hunger
 Apportation              Tloc           #.....       36%         1    ##.....
 Beastly Appendage        Tmut           #.....       36%         1    ##.....
 Freeze                   Ice            #...         36%         1    ##.....
 Magic Dart               Conj           #...         36%         1    ##.....
 Slow                     Hex            #.......     36%         1    ##.....
 Summon Butterflies       Summ           #.......     36%         1    ##.....
 Blink                    Tloc           N/A          50%         2    ###....
 Call Imp                 Summ           #.......     50%         2    ###....
 Searing Ray              Conj           #.....       50%         2    ###....
 Sticks to Snakes         Tmut           #.......     50%         2    ###....
 Throw Frost              Conj/Ice       #.....       50%         2    ###....
 Conjure Flame            Conj/Fire      #.......     73%         3    ####...
 Iskenderun's Mystic Bla  Conj           #.......     73%         3    ####...
 Lesser Beckoning         Tloc           #.........   73%         3    ####...
 Mephitic Cloud           Conj/Pois/Air  #.......     73%         3    ####...
 Ozocubu's Armour         Chrm/Ice       #.......     73%         3    ####...
 Spider Form              Tmut/Pois      #.........   73%         3    ####...
 Tukima's Dance           Hex            #.......     73%         3    ####...
 Fulminant Prism          Conj/Hex       #.........   98%         4    #####..
 Ice Form                 Ice/Tmut       #.......     98%         4    #####..
 Summon Ice Beast         Ice/Summ       #.......     98%         4    #####..
 Throw Icicle             Conj/Ice       #.......     98%         4    #####..
 Alistair's Intoxication  Tmut/Pois      #.......     100%        5    ######.
 Blade Hands              Tmut           #.........   100%        5    ######.
 Irradiate                Conj/Tmut      #.........   100%        5    ######.
 Iskenderun's Battlesphe  Conj/Chrm      #.......     100%        5    ######.
 Silence                  Hex/Air        #.........   100%        5    ######.
 Deflect Missiles         Chrm/Air       #.........   100%        6    #######
 Invisibility             Hex            #.......     100%        6    #######


Dungeon Overview and Level Annotations

Branches:
Dungeon (12/12)            Temple (1/1) D:6            Lair (6/6) D:9
 Shoals (3/3) Lair:3       Spider (3/3) Lair:2        Slime (0/5) Lair:6
    Orc (1/1) D:9             Elf (0/3) Orc          Vaults (0/3) D:11
 Depths (1/5) D:12

Altars:
Ashenzari
Cheibriados
Elyvilon
Gozag
Hepliaklqana
Kikubaaqudgha
Makhleb
Nemelex Xobeh
Okawaru
Ru
Sif Muna
Trog
Uskayaw
Vehumet
Wu Jian
Xom
Yredelemnul
Zin
The Shining One
Beogh

Shops:
D:10 [   D:11 ?   Orc *([:

Annotations:
D:12 exclusion: obsidian statue


Innate Abilities, Weirdness & Mutations

You reflexively headbutt those who attack you in melee.
You have a pair of horns on your head.


Message History

You enter the shallow water.
Moving in this stuff is going to be slow.
You spin and attack the moth of wrath repeatedly.
You skewer the moth of wrath like a kebab!!!
You kill the moth of wrath!
The Council accepts your kill.
You feel very sick.
You spin and attack the emperor scorpion repeatedly.
You puncture the emperor scorpion! You drain the emperor scorpion.
You headbutt the emperor scorpion!!
The emperor scorpion is moderately wounded.
You barely miss the emperor scorpion.
Your headbutt misses the emperor scorpion.
The emperor scorpion is moderately wounded.
You feel very sick.
You block the emperor scorpion's attack.
The emperor scorpion completely misses you.
The emperor scorpion claws you.
The emperor scorpion stings you but does no damage.
The emperor scorpion claws you.
You block the emperor scorpion's attack.
The emperor scorpion closely misses you.
The emperor scorpion claws you but does no damage.
The emperor scorpion claws you.
You see here a ghost moth corpse.
You feel sick.
You see here a jumping spider corpse.
You enter the shallow water.
Moving in this stuff is going to be slow.
You spin and attack the emperor scorpion repeatedly.
You puncture the emperor scorpion!
The emperor scorpion is moderately wounded.
Your unstable footing causes you to fumble your attack.
You spin and attack the orb spider repeatedly.
You bludgeon the orb spider!! You drain the orb spider.
The orb spider is almost dead.
Your unstable footing causes you to fumble your attack.
You feel very sick.
You block the emperor scorpion's attack.
The emperor scorpion completely misses you.
The emperor scorpion claws you but does no damage.
You block the emperor scorpion's attack.
The emperor scorpion claws you.
You block the emperor scorpion's attack.
The emperor scorpion stings you!
You are more poisoned.
The emperor scorpion poisons you!
The emperor scorpion claws you but does no damage.
The emperor scorpion barely misses you.
Really quaff
u - 11 potions of curing {@q1 !q}?
You feel better.
You hear an angry hiss.
The emperor scorpion stings you.
You block the emperor scorpion's attack.
The emperor scorpion claws you but does no damage.
Really quaff
C - 4 potions of haste {@q4 !q}?
You feel yourself speed up.
The emperor scorpion closely misses you.
You furiously retaliate!
You headbutt the emperor scorpion, but do no damage.
The emperor scorpion completely misses you.
The emperor scorpion claws you!
The emperor scorpion barely misses you. x2
The emperor scorpion claws you.
You spin and attack the orb spider repeatedly.
You puncture the orb spider! You headbutt the orb spider!
The orb spider is severely wounded.
You hit the orb spider. You drain the orb spider.
Your headbutt misses the orb spider.
The orb spider is almost dead.
Things that are here:
2 scrolls of remove curse; a redback corpse You are caught in the web!
You spin and attack the orb spider.
You bludgeon the orb spider!! You headbutt the orb spider!
You kill the orb spider!
The Council accepts your kill.
You spin and attack the emperor scorpion.
You hit the emperor scorpion but do no damage.
The emperor scorpion is moderately wounded.
The orb spider begins to weave its threads into a brightly glowing ball.
The emperor scorpion stings you!!
* * * LOW HITPOINT WARNING * * *
You are poisoned.
The emperor scorpion poisons you!
The emperor scorpion claws you but does no damage. x2
There is a web, spattered with blood here.
You see here a redback corpse.
Okay, then.
You struggle to detach yourself from the web.
You feel sick.
The emperor scorpion stings you but does no damage.
The emperor scorpion claws you but does no damage. x2
A tarantella comes into view.
You struggle to detach yourself from the web.
You feel sick. The emperor scorpion stings you!!
* * * LOW HITPOINT WARNING * * *
You are lethally poisoned!
The emperor scorpion poisons you!
The emperor scorpion claws you but does no damage. x2
The emperor scorpion stings you!!
You die...

*,,**,,,*,,**^..#≈##,,,* *,
*,,*,,*,,,***$≈....#,,,* *,
**,,,,*,,,*##☼§≈...#,,,* *,
*,,*,*,***#☼§s....#,,,* *,
**,,***** ##☼§§.≈≈.#*,,** *,
*,*,,,* #§☼§#.≈≈≈!*,,,* *,
***,,<,** #ss##,≈φ≈.*,,,* *,
**,,,,,** #ss#,,≈,≈.*≈,** *,
*,,,**,* #@§#≈,≈≈,,*,,* *,
***#.,,*** #§§##,≈≈,,*,,* *,
#,*#.,** ##§§#,≈≈,≈*..## *,
#..,.#* #..#,,≈,##..≈# *, *#.,#.*
*######.##,≈,#≈..≈# *, ##..#^#*
*.#.#*#..#,,≈#≈..#* *,
*......###*#....*#..#≈,##≈..# *,
###..#...##....**#^.####≈≈..# *,
#....##..#..#*,,*#≈....≈≈..#####.


You could see 2 emperor scorpions, an orb spider and a tarantella.

Vanquished Creatures
  The ghost of Tunlugh the Earth Mage, an adept GrEE of Vehumet (Lair:4)
  Kirke (D:11)
  3 ghost moths
  An orc warlord (Orc)
  4 emperor scorpions
  An entropy weaver (Spider:3)
  Azrael (Spider:1)
  A spark wasp (Spider:3)
  An ettin (D:12)
  5 merfolk javelineers
  3 merfolk impalers (Shoals:3)
  The ghost of Askman the Unseen, a journeyman DWWn of Dithmenos (D:11)
  An ogre mage (D:11)
  Erolcha (D:12)
  5 hydras
  Harold (Lair:3)
  3 merfolk avatars (Shoals:3)
  Erica (D:10)
  5 centaur warriors
  5 two-headed ogres
  4 merfolk aquamancers
  3 death yaks (Lair:6)
  The ghost of Freyura the Eclecticist, a journeyman FrIE of Sif Muna (D:11)
  An orc high priest (Orc)
  Urug (Orc)
  2 deep elf knights
  A fire crab (shapeshifter) (D:12)
  2 unseen horrors
  3 sea snakes
  6 cyclopes
  An orb spider (shapeshifter) (D:11)
  3 orc knights
  5 harpies
  21 wolf spiders
  4 deep elf magi (D:11)
  11 orb spiders
  4 orc sorcerers
  4 ugly things
  6 fauns
  A moth of wrath (Spider:3)
  18 manticores
  5 merfolk sirens
  An eye of devastation (Lair:6)
  5 elephants (Lair:4)
  A black mamba (Lair:2)
  3 water nymphs
  A kobold demonologist (D:12)
  2 rime drakes
  8 cane toads
  13 komodo dragons
  A freezing wraith (D:12)
  A redback zombie (D:10)
  4 demonic crawlers
  16 merfolk
  15 jumping spiders
  A polar bear (Lair:6)
  A queen bee (Lair:2)
  3 trolls
  3 hornets (Lair:6)
  A wind drake (Shoals:2)
  7 slime creatures
  A wolf spider simulacrum (D:12)
  14 dream sheep
  13 blink frogs
  5 snapping turtles
  9 hippogriffs
  13 tarantellas
  15 spriggans (Lair:6)
  3 wyverns
  5 water elementals
  26 redbacks
  3 wraiths
  4 fire bats (D:11)
  19 yaks
  6 hogs (D:11)
  2 basilisks
  A hungry ghost (D:8)
  4 fire elementals (Spider:1)
  A warg (Orc)
  3 acid dragons
  8 water moccasins
  A hell hound (D:11)
  17 porcupines
  2 sky beasts (D:6)
  9 black bears
  2 ice beasts
  An eye of draining (Lair:6)
  6 ogres
  21 orc warriors
  4 boggarts (Lair:6)
  21 wolves
  2 necrophages
  14 centaurs
  9 crocodiles
  A big kobold (D:10)
  An elf zombie (Ossuary)
  14 bullfrogs
  2 scorpions
  25 killer bees
  4 wights (D:10)
  2 electric eels
  2 howler monkeys
  2 lava snakes (D:11)
  4 crimson imps
  A quasit (D:12)
  A centaur zombie (Ossuary)
  2 bullfrog zombies
  10 jellies
  5 centaur skeletons
  22 orc priests
  3 bullfrog skeletons (D:4)
  11 hounds
  2 human zombies (Ossuary)
  3 iron imps (D:3)
  21 orc wizards
  6 hell rats (Lair:3)
  Ijyb (D:3)
  An iguana (D:9)
  6 worker ants
  3 big kobold zombies (Ossuary)
  A hound zombie (Ossuary)
  A hound skeleton (D:4)
  4 mummies
  Robin (D:2)
  4 gnolls (D:7)
  10 adders
  4 shadow imps
  21 oozes
  An adder zombie (D:8)
  A worm (D:4)
  3 dart slugs (D:1)
  18 leopard geckos
  91 orcs
  6 bats
  22 giant cockroaches
  A gnoll zombie (D:6)
  13 goblins
  11 hobgoblins
  5 jackals
  2 quokkas
  12 ball pythons
  17 frilled lizards
  5 goblin zombies (Ossuary)
  5 hobgoblin zombies (Ossuary)
  A jackal skeleton (D:5)
  5 jackal zombies (Ossuary)
  16 kobolds
  6 kobold zombies
  An orc zombie (Ossuary)
  3 quokka zombies
  12 rats
  3 rat zombies (Ossuary)
  3 butterflies (Lair:2)
  A fire vortex (D:11)
968 creatures vanquished.

Vanquished Creatures (others)
  A tarantella (Spider:1)
  An orc wizard (D:9)
  2 fire vortices (D:11)
  21 fungi
  7 plants
32 creatures vanquished.

Grand Total: 1000 creatures vanquished

Notes
Turn   | Place    | Note
-------+----------+-------------------------------------------
     0 | D:1      | MisterOstroum the Minotaur Archaeologist began the quest
                  | for the Orb.
     0 | D:1      | Reached XP level 1. HP: 16/16 MP: 0/0
   126 | D:1      | Reached skill level 2 in Fighting
   325 | D:1      | Reached XP level 2. HP: 25/25 MP: 1/1
   466 | D:1      | Reached skill level 1 in Maces & Flails
   544 | D:1      | Reached skill level 3 in Fighting
   970 | D:2      | Reached XP level 3. HP: 31/31 MP: 2/2
  1011 | D:2      | Noticed Robin
  1013 | D:2      | Reached skill level 1 in Armour
  1020 | D:2      | Killed Robin
  1268 | D:2      | Reached XP level 4. HP: 39/39 MP: 3/3
  1281 | D:2      | Found a sparkling altar of Nemelex Xobeh.
  1719 | D:3      | Reached skill level 4 in Fighting
  1879 | D:3      | Found a deep blue altar of Sif Muna.
  1962 | D:3      | Noticed Ijyb
  1998 | D:3      | Reached XP level 5. HP: 36/47 MP: 4/4
  2079 | D:3      | Paralysed by Ijyb for 4 turns
  2084 | D:3      | Killed Ijyb
  2166 | D:3      | Found a burning altar of Makhleb.
  2279 | D:3      | Reached skill level 5 in Fighting
  2447 | D:4      | Noticed a two-headed ogre
  2518 | D:4      | Reached XP level 6. HP: 56/56 MP: 5/5
  2789 | D:4      | Found a glowing drain.
  2813 | Sewer    | Entered a sewer
  3066 | Sewer    | Reached skill level 5 in Maces & Flails
  3206 | Sewer    | Reached skill level 6 in Fighting
  3206 | Sewer    | Reached XP level 7. HP: 61/63 MP: 6/6
  3247 | Sewer    | Reached skill level 5 in Armour
  3456 | D:5      | Entered Level 5 of the Dungeon
  3578 | D:5      | Noticed a moth of wrath
  3580 | D:5      | Found a bloodstained altar of Trog.
  3654 | D:5      | Found a hide-covered altar of Uskayaw.
  3655 | D:5      | Noticed a +0 dagger
  3655 | D:5      | Noticed a +0 dagger
  3693 | D:5      | Reached skill level 7 in Fighting
  3897 | D:5      | Reached XP level 8. HP: 72/72 MP: 7/7
  4365 | D:6      | Found a hazy altar of Hepliaklqana.
  4619 | D:6      | Found a sand-covered staircase.
  4647 | Ossuary  | Entered an ossuary
  4670 | Ossuary  | Reached skill level 8 in Fighting
  5175 | D:6      | Reached skill level 9 in Fighting
  5185 | D:6      | Found a staircase to the Ecumenical Temple.
  5250 | Temple   | Entered the Ecumenical Temple
  5689 | Temple   | Became a worshipper of the Wu Jian Council
  5939 | D:7      | Got a steaming short sword
  5943 | D:7      | Identified the cursed +1 short sword of Courage {pierce,
                  | rN+} (You found it on level 7 of the Dungeon)
  5951 | D:7      | Reached XP level 9. HP: 82/82 MP: 8/8
  6035 | D:7      | Noticed an unseen horror
  6050 | D:7      | Killed an unseen horror
  6050 | D:7      | Reached skill level 10 in Fighting
  6742 | D:8      | Reached skill level 10 in Maces & Flails
  6766 | D:8      | Found a snail-covered altar of Cheibriados.
  6776 | D:8      | Reached * piety under Wu Jian
  6844 | D:8      | Found Zin's Purification Station.
  6846 | D:8      | Found a glowing silver altar of Zin.
  6851 | D:8      | Bought a potion of curing for 90 gold pieces
  6982 | D:8      | Found a shattered altar of Ashenzari.
  7075 | D:8      | Reached skill level 11 in Fighting
  7075 | D:8      | Reached XP level 10. HP: 94/94 MP: 9/9
  7531 | D:9      | Found a staircase to the Lair.
  8034 | D:9      | Found a staircase to the Orcish Mines.
  8061 | D:9      | Reached ** piety under Wu Jian
  8293 | D:9      | Found a shimmering altar of Xom.
  8315 | D:9      | Found a sacrificial altar of Ru.
  8440 | Orc      | Entered the Orcish Mines
  8526 | Orc      | Reached skill level 12 in Fighting
  8542 | Orc      | Noticed an orc sorcerer
  8628 | Orc      | Found a roughly hewn altar of Beogh.
  8718 | Orc      | Killed an orc sorcerer
  8718 | Orc      | Reached skill level 5 in Dodging
  8741 | Orc      | Noticed Urug
  8795 | Orc      | Noticed an orc sorcerer
  8800 | Orc      | Found a roughly hewn altar of Beogh.
  8800 | Orc      | Noticed an orc knight
  8801 | Orc      | Killed an orc sorcerer
  8805 | Orc      | Noticed an orc warlord
  8806 | Orc      | Reached *** piety under Wu Jian
  8816 | Orc      | Killed Urug
  8816 | Orc      | Reached skill level 13 in Fighting
  8816 | Orc      | Reached XP level 11. HP: 18/106 MP: 2/10
  8923 | Lair:1   | Entered Level 1 of the Lair of Beasts
  9861 | Lair:2   | Reached skill level 14 in Fighting
 10090 | Lair:2   | Found a hole to the Spider Nest.
 10370 | Lair:2   | Reached skill level 1 in Shields
 10384 | Lair:2   | Reached **** piety under Wu Jian
 10638 | Lair:2   | Reached skill level 10 in Armour
 11162 | Lair:3   | Noticed a four-headed hydra
 11170 | Lair:3   | Killed a four-headed hydra
 11170 | Lair:3   | Reached skill level 15 in Fighting
 11170 | Lair:3   | Reached XP level 12. HP: 106/118 MP: 11/11
 11370 | Lair:3   | Reached skill level 5 in Shields
 11406 | Lair:3   | Reached skill level 1 in Evocations
 11544 | Lair:3   | Noticed Harold
 11560 | Lair:3   | Killed Harold
 11652 | Lair:3   | Found a staircase to the Shoals.
 11718 | Lair:3   | Reached ***** piety under Wu Jian
 11761 | Lair:3   | Noticed a six-headed hydra
 11903 | Lair:3   | Killed a six-headed hydra
 12348 | Lair:4   | Reached skill level 10 in Dodging
 12515 | Lair:4   | Found a runed translucent door.
 12520 | Lair:4   | Noticed Tunlugh's ghost (adept GrEE)
 13388 | Lair:5   | Reached XP level 13. HP: 125/126 MP: 15/15
 13523 | Lair:5   | Reached skill level 5 in Evocations
 14258 | Lair:6   | Entered Level 6 of the Lair of Beasts
 14291 | Lair:6   | Found a staircase to the Slime Pits.
 14426 | Lair:6   | Identified the Catalogue of Self-Knowledge and Flight
 14675 | Lair:6   | Reached ****** piety under Wu Jian
 14907 | Lair:6   | Reached skill level 10 in Shields
 16117 | Orc      | Killed an orc warlord
 16117 | Orc      | Reached skill level 16 in Fighting
 16259 | Orc      | Found Den Samn's Antique Armour Shoppe.
 16266 | Orc      | Found Hesit's Book Shoppe.
 16269 | Orc      | Reached XP level 14. HP: 122/136 MP: 16/16
 16333 | Orc      | Found a staircase to the Elven Halls.
 16544 | Orc      | Found Hooporu's General Store.
 16559 | Orc      | Found Qelim's Antique Weapon Shoppe.
 16566 | Orc      | Bought a runed eveningstar for 504 gold pieces
 16566 | Orc      | Bought a shimmering great mace for 322 gold pieces
 16574 | Orc      | Identified the +9 great mace "Ehuon" {freeze, +Blink rC+}
                  | (You bought it in a shop in the Orcish Mines)
 16619 | Orc      | Found a roughly hewn altar of Beogh.
 16799 | Spider:1 | Entered Level 1 of the Spider Nest
 16972 | Spider:1 | Noticed an emperor scorpion
 17048 | Spider:1 | Killed an emperor scorpion
 17227 | Spider:1 | Noticed Azrael
 17244 | Spider:1 | Killed Azrael
 17364 | Spider:1 | Noticed a ghost moth
 17377 | Spider:1 | Killed a ghost moth
 18171 | Spider:2 | Reached skill level 1 in Throwing
 19118 | Spider:3 | Entered Level 3 of the Spider Nest
 19130 | Spider:3 | Identified 2 scrolls of acquirement
 19182 | Spider:3 | Noticed an entropy weaver
 19191 | Spider:3 | Killed an entropy weaver
 19500 | D:10     | Entered Level 10 of the Dungeon
 19530 | D:10     | Found a sacrificial altar of Ru.
 19583 | D:10     | Found Soazusch's Armour Shoppe.
 20371 | D:10     | Noticed Erica
 20378 | D:10     | Killed Erica
 20462 | D:10     | Reached XP level 15. HP: 93/145 MP: 18/18
 21149 | D:11     | Found Onolul's Magic Scroll Shoppe.
 21163 | D:11     | Bought a scroll of magic mapping for 59 gold pieces
 21163 | D:11     | Bought a scroll of teleportation for 51 gold pieces
 21286 | D:11     | Found a gate to the Vaults.
 21648 | D:11     | Found a runed translucent gate.
 21648 | D:11     | Found a runed translucent gate.
 21665 | D:11     | Noticed Kirke
 21749 | D:11     | Killed Kirke
 22069 | D:11     | Found a runed translucent gate.
 22070 | D:11     | Noticed Askman's ghost (journeyman DWWn)
 22070 | D:11     | Noticed Freyura's ghost (journeyman FrIE)
 22083 | D:11     | Killed Askman's ghost
 22083 | D:11     | Killed Freyura's ghost
 22083 | D:11     | Reached skill level 17 in Fighting
 22241 | D:11     | Found the ring of the Octopus King
 22298 | D:11     | Reached skill level 15 in Dodging
 22329 | D:11     | Got a ring of the Octopus King
 22331 | D:11     | Identified a ring of the Octopus King {rCorr AC+1 EV+1
                  | Str+1 Int+1 Dex+1} (You found it on level 11 of the
                  | Dungeon)
 22744 | D:12     | Entered Level 12 of the Dungeon
 22974 | D:12     | Found a staircase to the Depths.
 23081 | D:12     | Noticed Erolcha
 23083 | D:12     | Killed Erolcha
 23437 | D:12     | Learned a level 1 spell: Infusion
 23490 | Depths:1 | Entered Level 1 of the Depths
 23746 | Lair:4   | Killed Tunlugh's ghost
 23849 | Shoals:1 | Entered Level 1 of the Shoals
 24736 | Shoals:2 | Reached XP level 16. HP: 155/155 MP: 19/19
 24837 | Shoals:2 | Reached skill level 15 in Shields
 25350 | Shoals:3 | Entered Level 3 of the Shoals
 25452 | Shoals:3 | Reached skill level 15 in Maces & Flails
 26327 | Shoals:3 | Got a barnacled rune of Zot
 26403 | Shoals:3 | Reached skill level 18 in Fighting
 26777 | Spider:3 | Mangled by an emperor scorpion

Skill      XL: |  1  2  3  4  5  6  7  8  9 10 11 12 13 14 15 16 |
---------------+-------------------------------------------------+-----
Fighting       | 2 3 4 5 6 7 9 11 13 15 16 17 18 | 18.1
Maces & Flails | 1 2 3 4 5 6 8 10 12 14 15 | 15.9
Armour         | 1 2 3 4 6 8 9 10 | 10.0
Dodging        | 6 8 10 12 14 15 | 15.5
Shields        | 3 8 11 13 14 15 | 15.0
Evocations     | 4 5 6 8 |  8.5
Throwing       | 2 3 |  3.1
Stealth        | |  2.6

Action                   |  1- 3 |  4- 6 |  7- 9 | 10-12 | 13-15 | 16-18 || total
-------------------------+-------+-------+-------+-------+-------+-------++-------
Melee: Unarmed           |    26 |     8 |       |       |    25 |       ||    59
       Headbutt          |    10 |    32 |    79 |   214 |   405 |    65 ||   805
       Mace              |    58 |    51 |       |       |       |       ||   109
       Whip              |       |   213 |   450 |  1014 |  1450 |       ||  3127
       Dagger            |       |     3 |       |       |       |       ||     3
       Eveningstar       |       |       |       |       |   377 |   393 ||   770
 Fire: Hunting sling     |       |    32 |     4 |    13 |       |       ||    49
Throw: Stone             |    34 |   142 |   151 |   166 |    77 |       ||   570
       Tomahawk          |       |       |     4 |       |   105 |    77 ||   186
       Javelin           |       |       |       |       |     1 |       ||     1
Invok: Whirlwind         |       |       |     4 |   170 |   422 |    94 ||   690
       Lunge             |       |       |     3 |    46 |    69 |    28 ||   146
       Heavenly Storm    |       |       |       |       |    16 |     5 ||    21
 Abil: Wall Jump         |       |       |       |    16 |    43 |     1 ||    60
       Serpent's Lash    |       |       |       |     1 |     1 |       ||     2
Evoke: Wand              |       |       |       |       |     4 |     4 ||     8
  Use: Scroll            |     1 |     1 |    10 |     2 |    23 |     6 ||    43
       Potion            |       |       |       |     1 |     5 |     2 ||     8
 Stab: Sleeping          |     4 |     1 |       |     1 |     7 |       ||    13
       Distracted        |       |       |       |       |     1 |       ||     1
       Petrified         |       |       |       |       |       |     3 ||     3
  Eat: Chunk             |     1 |     4 |     9 |    20 |    40 |     6 ||    80
       Ration            |       |     1 |     1 |       |       |     1 ||     3
Armor: Robe              |    33 |       |       |       |       |       ||    33
       Ring mail         |     2 |   109 |    12 |       |       |       ||   123
       Skin              |       |     4 |       |       |     5 |       ||     9
       Plate armour      |       |       |   158 |       |       |       ||   158
       Troll leather arm |       |       |    42 |   153 |   287 |    78 ||   560
Dodge: Dodged            |    61 |   147 |   127 |   347 |   742 |   183 ||  1607
Block: Shield            |       |       |       |    84 |   652 |   179 ||   915
